 Dungeon Crawl Stone Soup version 0.31-a0-1321-g5021b54cb2 (webtiles) character file.

Game seed: 14522501655542460413

115 RepHenryClay the Sneak (level 4, 0/40 HPs)
             Began as a Minotaur Delver on Dec 20, 2023.
             Splashed by a jelly's acid (5 damage)
             ... on level 4 of the Dungeon.
             The game lasted 00:04:47 (1310 turns).

RepHenryClay the Sneak (Minotaur Delver)            Turns: 1310, Time: 00:04:47

Health: 0/40       AC:  2    Str: 18    XL:     4   Next: 68%
Magic:  3/3        EV:  6    Int:  7    God:
Gold:   60         SH:  0    Dex: 12    Spells: 3/3 levels left

rFire   . . .        a - +0 mace
rCold   . . .        (no shield)
rNeg    . . .        i - +0 plate armour
rPois   +            (helmet restricted)
rElec   .            (no cloak)
rCorr   .            (no gloves)
SInv    .            (no boots)
Will    .....        (no amulet) Stlth
                     j - ring of poison resistance
HPRegen 0.26/turn    (no ring)
MPRegen 0.08/turn

%: no passive effects
@: corroded
A: horns 2, retaliatory headbutt
a: no special abilities


You were on level 4 of the Dungeon.
You visited 1 branch of the dungeon, and saw 3 of its levels.

You collected 60 gold pieces.

Inventory:

Hand Weapons
 a - a +0 mace (weapon)
Missiles
 h - 5 atropa-tipped darts (quivered)
Armour
 i - a +0 plate armour (worn)
Jewellery
 j - a ring of poison resistance (left hand)
Wands
 g - a wand of digging (1)
Scrolls
 b - a scroll of silence {unknown}
 c - 3 scrolls of fog
 d - a scroll of revelation
 e - a scroll of brand weapon {unknown}
Potions
 f - a potion of enlightenment


   Skills:
 - Level 4.1 Fighting
 + Level 4.3 Maces & Flails
 + Level 2.0 Armour
 - Level 2.8 Dodging
 - Level 4.3 Stealth


You had 3 spell levels left.
You didn't know any spells.
Your spell library was empty.

Dungeon Overview and Level Annotations

Branches:
Dungeon (5/15)
 Temple: D:4-7

Altars:
Fedhas
Vehumet
Zin

Annotations:
D:3 Terence
D:4 exclusion: oklob plant


Innate Abilities, Weirdness & Mutations

You have a pair of horns on your head.
You reflexively headbutt those who attack you in melee.


Message History

You barely miss the goblin.
The goblin is severely wounded.
The goblin hits you but does no damage.
You closely miss the goblin. You headbutt the goblin.
You kill the goblin!
No target in view!
No target in view!
You see here a +0 club.
A jelly comes into view.
The jelly quivers.
The jelly barely misses you.
You hit the jelly. The acid corrodes you!
Your hands burn!
The jelly is moderately wounded.
The jelly hits you.
You are splashed with acid!
Huge Dmg: -25%(-10hp) hp: 75%(30hp)
You hit the jelly.
Your hands burn!
The jelly is heavily wounded.
The jelly hits you. The acid corrodes you!
You are splashed with acid!
* * * LOW HITPOINT WARNING * * *
Huge Dmg: -35%(-14hp) hp: 40%(16hp)
You barely miss the jelly.
The jelly is heavily wounded.
The jelly hits you.
* * * LOW HITPOINT WARNING * * *
You are splashed with acid!
* * * LOW HITPOINT WARNING * * *
Huge Dmg: -25%(-10hp) hp: 15%(6hp) Level annotation: exclusion: oklob plant Welcome back, RepHenryClay the Minotaur Delver.
Press ? for a list of commands and other information.
You hit the jelly.
Your hands burn!
* * * LOW HITPOINT WARNING * * *
The jelly is severely wounded.
The jelly barely misses you.
Damage: -2%(-1hp) hp: 13%(5hp) Level annotation: exclusion: oklob plant Welcome back, RepHenryClay the Minotaur Delver.
Press ? for a list of commands and other information.
You hit the jelly but do no damage.
Your hands burn!
You die...

###
#################.#
..................#
#################.#
#.# #@# #J# #..
..#. #.#.# #.# #
#.# ##### #.# ....#


You could see a jelly.

Vanquished Creatures
  A hound (D:4)
  An iguana (D:4)
  An orc wizard (D:4)
  2 adders (D:4)
  5 orcs (D:4)
  An endoplasm (D:4)
  2 giant cockroaches (D:4)
  2 quokkas (D:4)
  2 goblins (D:4)
17 creatures vanquished.

Notes
Turn   | Place    | Note
-------+----------+-------------------------------------------
     0 | D:5      | RepHenryClay the Minotaur Delver began the quest for the
                  | Orb.
     0 | D:5      | Reached XP level 1. HP: 19/19 MP: 0/0
     9 | D:5      | Noticed a black bear
   189 | D:5      | Noticed an iguana
   210 | D:5      | Noticed an iguana
   372 | D:4      | Reached XP level 2. HP: 16/27 MP: 1/1
   477 | D:4      | Reached XP level 3. HP: 28/33 MP: 2/2
   605 | D:4      | Found a blossoming altar of Fedhas.
   622 | D:4      | Noticed an oklob plant
   920 | D:4      | Reached skill level 1 in Armour
   920 | D:4      | Reached XP level 4. HP: 7/40 MP: 3/3
  1144 | D:3      | Noticed Terence
  1145 | D:3      | Found a glowing silver altar of Zin.
  1246 | D:4      | Found a radiant altar of Vehumet.
  1310 | D:4      | Splashed by a jelly's acid

Illustrated notes

Levels and vault maps discovered:
D:3:      layout_loops_corners, nicolae_overflow_hidden_temple,
          cheibrodos_sewer_entry_bend, nicolae_hexahallways, minmay_lizard_king,
          uniq_sigmund, uniq_ijyb, uniq_terence
D:4:      layout_basic, tgw_fedhas, mainiacjoe_overflow_alcove_2
D:5:      layout_gridville, kennysheep_cross_room, kennysheep_generic_room_3

Skill      XL: |  1  2  3  4 |
---------------+-------------+-----
Fighting       | 4 |  4.1
Maces & Flails | 3 4 |  4.3
Armour         | 1 2 |  2.0
Dodging        | |  2.8
Stealth        | |  4.3

Action                     |  1- 3 |  4- 6 || total
---------------------------+-------+-------++-------
  Melee: Mace              |    34 |    26 ||    60
         Headbutt          |     4 |     2 ||     6
  Throw: Dart              |     5 |       ||     5
  Evoke: Wand              |     2 |       ||     2
    Use: Scroll            |     1 |       ||     1
         Potion            |     2 |       ||     2
 Armour: Leather armour    |    35 |     3 ||    38
         Plate armour      |       |    17 ||    17
  Dodge: Dodged            |    28 |     9 ||    37

Table legend: (Time is in decaauts)
 A = Elapsed time spent in this place.
 B = Non-inter-level travel time spent in this place.
 C = Inter-level travel time spent in this place.
 D = Time resting spent in this place.
 E = Time spent auto-exploring this place.
 F = Levels seen in this place.
 G = Mean time per level.
                   A        B        C        D        E       F      G
               +--------+--------+--------+--------+--------+-----+--------+
         Total |   1303 |   1199 |    104 |    348 |    229 |   3 |  434.3 |
       Dungeon |   1303 |   1199 |    104 |    348 |    229 |   3 |  434.3 |
               +--------+--------+--------+--------+--------+-----+--------+

Top non-repeatable levels by time:
     D:4: 1015 daAuts
     D:5: 218 daAuts
     D:3: 69 daAuts
